 Dungeon Crawl Stone Soup version 0.31-a0-455-g1a7b003ef0 (webtiles) character file.

Game seed: 13640077486916594404

106 promet the Stinger (level 4, -5/25 HPs)
             Began as a Deep Elf Venom Mage on Aug 3, 2023.
             Slain by a gnoll
             ... wielding a +0 halberd
              (15 damage)
             ... on level 2 of the Dungeon.
             The game lasted 00:14:57 (3423 turns).

promet the Stinger (Deep Elf Venom Mage)            Turns: 3423, Time: 00:14:57

Health: -5/25      AC:  3    Str:  7    XL:     4   Next: 55%
Magic:  11/12      EV: 12    Int: 20    God:
Gold:   39         SH:  0    Dex: 15    Spells: 8/11 levels left

rFire   . . .        a - +1 spear (venom)
rCold   . . .        (no shield)
rNeg    . . .        d - +0 robe
rPois   .            (no helmet)
rElec   .            (no cloak)
rCorr   .            e - +0 pair of gloves
SInv    .            (no boots)
Will    .....        (no amulet)
Stlth   ++           (no ring)
HPRegen 0.24/turn    (no ring)
MPRegen 0.13/turn

%: no passive effects
@: about to teleport
A: no striking features
a: no special abilities


You were on level 2 of the Dungeon.
You visited 1 branch of the dungeon, and saw 3 of its levels.

You collected 39 gold pieces.

Inventory:

Hand Weapons
 a - a +1 spear of venom (weapon)
 f - a +0 dagger
 i - a +0 short sword
 n - a +0 long sword
Missiles
 c - 14 stones (quivered)
 h - 4 curare-tipped darts
Armour
 d - a +0 robe (worn)
 e - a +0 pair of gloves (worn)
Scrolls
 g - 4 scrolls of identify
 o - a scroll of butterflies {unknown}
Potions
 b - a potion of magic
 k - a potion of curing {unknown}
 l - a potion of attraction {unknown}


   Skills:
 * Level 1.1 Fighting
 + Level 0.3 Short Blades
 + Level 2.6 Dodging
 + Level 2.7 Stealth
 + Level 4.1 Spellcasting
 + Level 1.7 Transmutations
 + Level 1.0 Air Magic
 + Level 4.2 Poison Magic


You had 8 spell levels left.
You knew the following spells:

 Your Spells              Type           Power      Damage    Failure   Level
a - Sting                 Tmut/Pois      64%        1d6       3%          1
b - Poisonous Vapours     Pois/Air       28%        N/A       7%          2

Your spell library contained the following spells:

 Spells                   Type           Power      Damage    Failure   Level
 Mephitic Cloud           Conj/Pois/Air  11%        N/A       19%         3
 Olgreb's Toxic Radiance  Pois           20%        N/A       22%         4
 Summon Lightning Spire   Summ/Air       6%         N/A       71%         4
 Animate Armour           Summ/Erth      8%         N/A       77%         4
 Lee's Rapid Deconstruct  Erth           2%         3d4*      98%         5


Dungeon Overview and Level Annotations

Branches:
Dungeon (3/15)

Altars:

Annotations:
D:2 Natasha


Message History

Poisonous vapours surround the goblin!
The goblin is poisoned.
The goblin shouts!
Casting: Poisonous Vapours (safe; 7% risk of failure)
Confirm with . or Enter, or press ? or * to list all spells.
Aiming: Poisonous Vapours (safe; 7% risk of failure)
Press: ? - help, Dir - move target, f/p - goblin
Aim: a goblin, wielding a +0 dagger (poisoned) Poisonous vapours surround the goblin!
The goblin looks even sicker.
You feel a bit more experienced.
You see here a +0 dagger.
Natasha, Servant of Life and Death comes into view.
The helpless Natasha fails to defend herself.
You hit Natasha but do no damage.
Natasha is poisoned.
Natasha closely misses you.
Casting: Poisonous Vapours (safe; 7% risk of failure)
Confirm with . or Enter, or press ? or * to list all spells.
Aiming: Poisonous Vapours (safe; 7% risk of failure)
Press: ? - help, Dir - move target, f - Natasha
Aim: Natasha (very poisoned) Poisonous vapours surround Natasha!
Natasha looks even sicker.
Natasha closely misses you.
The gnoll shouts!
You hit Natasha.
Natasha is moderately wounded.
Natasha claws you.
You barely miss Natasha.
Natasha is moderately wounded.
Natasha claws you! The gnoll closely misses you. Natasha claws you.
Unknown command.
Blink to where?
Press: ? - help, Dir - move target, p - Natasha
As you read the scroll labelled SUITEG MYHOEN, it crumbles to dust.
It was a scroll of blinking.
An adder comes into view.
The adder hisses angrily.
As you read the scroll labelled BYH GYODAUSEOSEZE, it crumbles to dust.
You feel strangely unstable.
It was a scroll of teleportation.
The gnoll hits you from afar with a +0 halberd!
Ouch! That really hurt!
You die...

.#.##.........# #.....#.# #.....
.#.####.......# ......#.####.....
..............##.#....).....#####
...###.)......##............#
.....#........####.#...[...)#####
...#.#........####..............#
.....#..........................#
).####...........S..###.#........
................@.g.###.#########
.#####....###..................
.# #).....############.#.####
.####.####.# #....)..#.# .#.##.#
#.# #.####.##.#.## ......# #.#
#.#..#........... ##.####
#.####.#..#..##..##### #.....#
#......#.h...# ..# #####.#
########.###.# #..


You could see a gnoll and an adder.

Vanquished Creatures
  3 gnolls (D:2)
  An adder (D:2)
  An ufetubus (D:2)
  A worm (D:2)
  2 dart slugs (D:1)
  3 endoplasms
  A giant cockroach (D:1)
  6 goblins
  6 hobgoblins
  8 jackals
  2 quokkas (D:2)
  2 ball pythons
  4 bats
  4 frilled lizards
  6 kobolds
  3 rats (D:1)
53 creatures vanquished.

Notes
Turn   | Place    | Note
-------+----------+-------------------------------------------
     0 | D:1      | promet the Deep Elf Venom Mage began the quest for the Orb.
     0 | D:1      | Reached XP level 1. HP: 10/10 MP: 6/6
    53 | D:1      | Found a faded altar of an unknown god.
   295 | D:1      | Reached XP level 2. HP: 14/15 MP: 5/8
   328 | D:1      | Learned a level 2 spell: Poisonous Vapours
  1293 | D:1      | Reached XP level 3. HP: 20/20 MP: 7/10
  2391 | D:2      | You fall into a shaft and drop 1 floor!
  2559 | D:2      | Reached XP level 4. HP: 8/24 MP: 3/11
  2890 | D:2      | Reached skill level 1 in Fighting
  3165 | D:2      | Reached skill level 1 in Air Magic
  3405 | D:2      | Noticed Natasha
  3423 | D:2      | Slain by a gnoll

Illustrated notes

Levels and vault maps discovered:
D:1:      dpeg_arrival_houses_and_road, layout_basic,
          dreamdust_ecumenical_altar_statues, kennysheep_boxes
D:2:      minmay_evil_eye, layout_basic, uniq_natasha
D:3:      layout_basic

Skill      XL: |  1  2  3  4 |
---------------+-------------+-----
Poison Magic   | 4 |  4.2
Fighting       | 1 |  1.1
Spellcasting   | 4 |  4.1
Air Magic      | 1 |  1.0
Short Blades   | |  0.3
Dodging        | |  2.6
Stealth        | |  2.7
Transmutations | |  1.7

Action                     |  1- 3 |  4- 6 || total
---------------------------+-------+-------++-------
  Melee: Short sword       |    82 |       ||    82
         Dagger            |     1 |       ||     1
         Spear             |       |     7 ||     7
         Long sword        |       |     4 ||     4
         Punch             |       |     1 ||     1
  Throw: Stone             |     2 |       ||     2
   Cast: Sting             |    33 |     7 ||    40
         Poisonous Vapours |    20 |    12 ||    32
    Use: Scroll            |     3 |     2 ||     5
         Potion            |     1 |       ||     1
   Stab: Sleeping          |     2 |     1 ||     3
 Armour: Robe              |    22 |     1 ||    23
  Dodge: Dodged            |    64 |     6 ||    70

Table legend: (Time is in decaauts)
 A = Elapsed time spent in this place.
 B = Non-inter-level travel time spent in this place.
 C = Inter-level travel time spent in this place.
 D = Time resting spent in this place.
 E = Time spent auto-exploring this place.
 F = Levels seen in this place.
 G = Mean time per level.
                   A        B        C        D        E       F      G
               +--------+--------+--------+--------+--------+-----+--------+
         Total |   3404 |   3384 |     20 |   1682 |    739 |   3 | 1134.7 |
       Dungeon |   3404 |   3384 |     20 |   1682 |    739 |   3 | 1134.7 |
               +--------+--------+--------+--------+--------+-----+--------+

Top non-repeatable levels by time:
     D:1: 1880 daAuts
     D:2: 1474 daAuts
     D:3: 49 daAuts
